Unix NetHack Version 3.7.0-53 Work-in-progress - last build Apr 18 2022 03:42:42 (02b85442fffe0e2954e411e09df771b56fe27bbc,branch:master). Game began 2022-04-19 20:27:07, ended 2022-04-19 20:33:09. Arasaka, neutral male gnomish Archeologist ------- --------------- --------------- |.....-# |.............| #..............| |.....| |...........[.| #|.............| |.....+# |.............| #|.............| |.....|#####..............| ##--------|------ |......### ------------.-- # ## ----.-- ## #### # #### # # #### # # # # ### # ##### ---------- #### # ## ---.------ ###......>...###### -@--------- # |........-###### |........| |@........| # +........| ####.........| |.(%[*%[!!| ## |......... ---------- |!.(*[())[| -------.----- |........| |?./!/*?[[| |[..........| |........| ----------- |...........| |........| |...........+ ---------- ------------- Arasaka the Digger St:15 Dx:9 Co:15 In:14 Wi:14 Ch:8 Neutral Dlvl:3 $:0 HP:0(20) Pw:12(12) AC:5 Xp:2/21 T:925 Latest messages: You see here an effervescent potion (for sale, 400 zorkmids). You stop. Abitibi is in the way! You see here a gray stone (for sale, 1 zorkmid). You stop. Abitibi is in the way! You see here an effervescent potion (for sale, 400 zorkmids). You see here a gray stone (for sale, 1 zorkmid). You stop. Abitibi is in the way! You stop. Abitibi is in the way! Korone drops a leash. You stop. Korone is in the way! You see here a black potion (for sale, 89 zorkmids). You see here a scroll labeled VELOX NEB (for sale, 107 zorkmids). You see here a black potion (for sale, 89 zorkmids). In what direction? You owe Abitibi 1 zorkmid for it! You owe Abitibi 1 zorkmid for the use of merchandise. You pay that debt. "Thank you for shopping in Abitibi's general store!" Talk to whom? (in what direction) Abitibi says that business is good. Talk to whom? (in what direction) Korone yips. Talk to whom? (in what direction) Abitibi says that business is good. Korone picks up a scroll labeled VELOX NEB. You see here an uncursed +0 pick-axe. q - an uncursed +0 pick-axe. You see here a gray stone. v - a gray stone. What do you want to call? [g-jln-pr-v or ?*] Korone drops a scroll labeled VELOX NEB. w - a scroll labeled VELOX NEB. What do you want to zap? [p or ?*] In what direction? In what direction? Never mind. "Hello, Arasaka! Welcome again to Abitibi's general store!" "Will you please leave your pick-axe outside?" What do you want to zap? [p or ?*] In what direction? Abitibi gets angry! Abitibi booms: "Arasaka, you are a thief!" Abitibi zaps an ebony wand! The wand hits you! What do you want to zap? [p or ?*] In what direction? Abitibi zaps an ebony wand! The wand hits you! You die... Abitibi takes all your possessions. Major events: Turn 1: Arasaka the neutral male gnomish Archeologist entered the dungeon 249: entered the Gnomish Mines 925: killed by a wand Inventory: Weapons (')') a - an uncursed +0 bullwhip (alternate weapon; not wielded) Armor ('[') c - an uncursed +0 fedora (being worn) m - an uncursed +0 chain mail (being worn) Comestibles ('%') d - 5 uncursed food rations e - 2 uncursed food rations Scrolls ('?') j - an uncursed scroll of blank paper n - an uncursed scroll of blank paper r - an uncursed scroll of blank paper s - an uncursed scroll of blank paper t - an uncursed scroll of blank paper w - an uncursed scroll of blank paper Potions ('!') l - an uncursed potion of water o - an uncursed potion of water Rings ('=') u - an uncursed ring of polymorph control Wands ('/') p - an uncursed wand of cancellation (0:4) Tools ('(') h - an empty uncursed sack i - an uncursed oil lamp q - an uncursed +0 pick-axe f - an uncursed tinning kit (0:30) Gems/Stones ('*') v - an uncursed flint stone g - an uncursed touchstone Arasaka the Archeologist's attributes: Background: You were a Digger, a level 2 male gnomish Archeologist. You were neutral, on a mission for Camaxtli who was opposed by Quetzalcoatl (lawful) and Huhetotl (chaotic). You were in the Dungeons of Doom, on level 3. You entered the dungeon 925 turns ago. You had 21 experience points, 19 more were needed to attain level 3. Basics: You had 0 out of 20 hit points. You had all 12 energy points (spell power). Your armor class was 5. Your wallet was empty. Autopickup was on for '$"?' plus thrown, with exceptions. Final Characteristics: Your strength was 15 (limit:18/50). Your dexterity was 9 (limit:18). Your constitution was 15 (limit:18). Your intelligence was 14 (limit:19). Your wisdom was 14 (limit:18). Your charisma was 8 (limit:18). Final Status: You were not hungry. You were unencumbered. You were bare handed. You were unskilled in bare handed combat. Final Attributes: You were fervently aligned. You had infravision. You were stealthy. You were warded. You were fast. You are dead. Miscellaneous: You disabled loading of bones levels. Total elapsed playing time was 6 minutes and 1 second. Vanquished creatures: a giant rat a gecko 4 jackals a goblin 3 grid bugs 2 lichens 2 newts 14 creatures vanquished. No species were genocided or became extinct. Voluntary challenges: You read items or engraved 3 times. You never engraved Elbereth. You never genocided any monsters. You never polymorphed an object. You never changed form. You used no wishes. Achievements: You entered the Gnomish Mines. You entered a shop. The Dungeons of Doom: levels 1 to 4 Level 1: Level 2: An altar. Stairs down to The Gnomish Mines. Level 3: <- You were here. A general store. Final resting place for you, killed by a wand. Level 4: The Gnomish Mines: Level 3: Game over: ---------- / \ / REST \ / IN \ / PEACE \ / \ | Arasaka | | 0 Au | | killed by a wand | | | | | | | | 2022 | *| * * * | * _________)/\\_//(\/(/\)/\//\/|_)_______ Goodbye Arasaka the Archeologist... You died in The Dungeons of Doom on dungeon level 3 with 234 points, and 0 pieces of gold, after 925 moves. You were level 2 with a maximum of 20 hit points when you died.